 Dungeon Crawl Stone Soup version 0.30.1-1-g62c8e00024 (webtiles) character file.

Game seed: 2872467846660173687

20381 Xanbad the Fighter (level 13, -6/105 HPs)
             Began as a Djinni Conjurer on July 17, 2023.
             Was a High Priest of Makhleb.
             Mangled by a cane toad (18 damage)
             ... on level 2 of the Lair of Beasts.
             The game lasted 00:39:17 (12508 turns).

Xanbad the Fighter (Djinni Conjurer)               Turns: 12508, Time: 00:39:18

Health: -6/105     AC:  3    Str:  6    XL:     13   Next: 11%
Gold:   691        EV: 11    Int: 35    God:    Makhleb [*****.] SH:  7 Dex: 14

rFire   + + .        N - +0 demon whip (venom)
rCold   x . .        B - +2 buckler
rNeg    . . .        (no body armour)
rPois   ∞            w - +1 helmet
rElec   .            z - +0 cloak
rCorr   .            (no gloves)
SInv    .            (boots unavailable)
Will    +....        C - amulet of regeneration
Stlth   ++           f - +6 ring of intelligence
HPRegen 1.17/turn    H - +6 ring of intelligence
MPRegen 0.00/turn

%: infuse magic (-7 HP)
@: flying
A: sickness immunity, fire resistance 2, cold vulnerability 1, float, innate
caster, HP casting, extra vitality 1
a: Renounce Religion, Minor Destruction, Lesser Servant of Makhleb, Major
Destruction, Greater Servant of Makhleb


You were on level 2 of the Lair of Beasts.
You worshipped Makhleb.
Makhleb was extremely pleased with you.
You visited 3 branches of the dungeon, and saw 14 of its levels.
You also visited: Sewer.

You collected 795 gold pieces.
You spent 104 gold pieces at shops.

Inventory:

Hand Weapons
 N - a +0 demon whip of venom (weapon)
Missiles
 e - 6 javelins
 h - 48 poisoned darts
 j - 119 stones
 o - 14 boomerangs
 v - a curare-tipped dart
 x - a throwing net
Armour
 s - +0 steam dragon scales
 w - a +1 helmet (worn)
 z - a +0 cloak (worn)
 B - a +2 buckler (worn)
 P - a +0 troll leather armour
Magical Staves
 b - a staff of poison
 D - a staff of air
Jewellery
 f - a +6 ring of intelligence (left hand)
 p - an amulet of reflection
 C - an amulet of regeneration (around neck)
 H - a +6 ring of intelligence (right hand)
 U - a ring of protection from fire
Wands
 y - a wand of iceblast (14)
 I - a wand of paralysis (10)
 K - a wand of flame (26)
 R - a wand of light (7)
Scrolls
 a - a scroll of blinking
 c - 9 scrolls of teleportation
 k - 2 scrolls of immolation
 l - 2 scrolls of magic mapping
 m - 4 scrolls of fog
 t - 2 scrolls of silence
 u - a scroll of brand weapon {unknown}
 F - a scroll of poison
 G - 3 scrolls of fear
 Q - a scroll of enchant armour
 T - a scroll of identify
Potions
 d - 8 potions of curing
 g - a potion of invisibility
 i - 4 potions of flight
 n - 5 potions of heal wounds
 q - 5 potions of mutation
 r - 2 potions of cancellation
 A - 3 potions of haste
 E - 5 potions of brilliance
 J - a potion of lignification
 L - a potion of attraction {unknown}
 O - a potion of magic {unknown}
Miscellaneous
 M - a box of beasts
 S - a phantom mirror


   Skills:
 + Level 14.2 Fighting
 - Level 2.1 Dodging
 - Level 1.5 Stealth
 - Level 5.0 Shields
 + Level 11.6 Spellcasting


You knew the following spells:

 Your Spells              Type           Power      Damage    Failure   Level
a - Magic Dart            Conj           100%       1d8       1%          1
b - Searing Ray           Conj           100%       2d8       1%          2
c - Iskenderun's Mystic   Conj/Tloc      80%        2d16      1%          4
d - Fulminant Prism       Conj/Hex       40%        3d19      1%          4
e - Dazzling Flash        Conj/Hex       100%       N/A       1%          3
f - Kiss of Death         Conj/Necr      100%       2d13      1%          1
g - Static Discharge      Conj/Air       100%       2-7/arc   1%          2
h - Stone Arrow           Conj/Erth      100%       3d13      1%          3
i - Passage of Golubria   Tloc           80%        N/A       1%          4
j - Summon Forest         Summ/Tloc      40%        N/A       1%          5
k - Irradiate             Conj/Tmut      40%        3d25      1%          5
Your spell library was empty.

Dungeon Overview and Level Annotations

Branches:
Dungeon (11/15)            Temple (1/1) D:4            Lair (2/5) D:11
 Spider (0/4) Lair:2        Sewer (visited)
  Swamp: Lair:2-3    Shoals: Lair:2-3       Orc: D:9-12

Altars:
Ashenzari
Cheibriados
Dithmenos
Elyvilon
Fedhas
Gozag
Makhleb
Nemelex Xobeh
Okawaru
Ru
Trog
Uskayaw
Xom
Zin
The Shining One

Shops:
D:2 =   D:3 :   D:5 *


Innate Abilities, Weirdness & Mutations

You are immune to sickness and miasma.
You are immune to poison.
Your flesh is very heat resistant. (rF++)
You are vulnerable to cold. (rC-)
You float through the air rather than walking.
You learn spells naturally, not from books.
Your magical power is your life essence.
You have superior vitality. (+4 MHP)


Message History

Aim: a cane toad (81% to hit)
The stone arrow hits the cane toad!!
The cane toad is heavily wounded.
The cane toad stings you!!
Casting: Stone Arrow (safe; 1% risk of failure)
Confirm with . or Enter, or press ? or * to list all spells.
Aiming: Stone Arrow (safe; 1% risk of failure)
Press: ? - help, Shift-Dir - straight line, f/p - cane toad
Aim: a cane toad (heavily wounded, 81% to hit)
The stone arrow hits the cane toad!
The cane toad is severely wounded.
The cane toad stings you!
* * * LOW HITPOINT WARNING * * *
Casting: Stone Arrow (safe; 1% risk of failure)
Confirm with . or Enter, or press ? or * to list all spells.
Aiming: Stone Arrow (safe; 1% risk of failure)
Press: ? - help, Shift-Dir - straight line, f/p - cane toad
Aim: a cane toad (severely wounded, 81% to hit)
The stone arrow misses the cane toad.
* * * LOW HITPOINT WARNING * * *
You block the cane toad's attack.
Casting: Stone Arrow (safe; 1% risk of failure)
Confirm with . or Enter, or press ? or * to list all spells.
Aiming: Stone Arrow (safe; 1% risk of failure)
Press: ? - help, Shift-Dir - straight line, f/p - cane toad
Aim: a cane toad (severely wounded, 81% to hit)
The stone arrow misses the cane toad.
* * * LOW HITPOINT WARNING * * *
The cane toad stings you.
* * * LOW HITPOINT WARNING * * *
Casting: Stone Arrow (safe; 1% risk of failure)
Confirm with . or Enter, or press ? or * to list all spells.
Aiming: Stone Arrow (safe; 1% risk of failure)
Press: ? - help, Shift-Dir - straight line, f/p - cane toad
Aim: a cane toad (severely wounded, 81% to hit)
The stone arrow hits the cane toad!
The cane toad is almost dead.
* * * LOW HITPOINT WARNING * * *
The cane toad stings you!!
You die...

#..#.†..^#.....
.[
#♣.♣.♣#.......#
./
#..♣..#.......#
.$
#.♣♣♣.#.####..#
#. #..♣..#.#
#.. ♣.
#♣.♣.♣#.# #. ♣†
♣♣.♣♣ .# #..#
###F### ♣.♣ ..
.... #...@.#
♣.♣ ....
#♣♣♣♣.#♣♣.♣♣#
#..#
♣......♣..# #
#♣♣♣♣.#♣♣.♣♣#
#.....# ♣.♣
####### ### .#


You could see a cane toad.

Vanquished Creatures
  The ghost of xerfel the Fighter, a journeyman DjFE of Makhleb (D:11)
  Erica (D:8)
  A hydra (Lair:2)
  A two-headed ogre (D:11)
  Amaemon (D:9)
  Joseph (D:9)
  A black mamba (Lair:2)
  A gargoyle (D:10)
  A torpor snail (Lair:1)
  3 cane toads
  An orange demon (D:9)
  7 komodo dragons
  4 trolls
  A tarantella (Lair:2)
  Prince Ribbit (D:7)
  6 blink frogs
  3 dream sheep (Lair:1)
  2 shadows (D:10)
  2 wyverns
  12 yaks
  A vampire (D:7)
  4 steam dragons
  3 basilisks
  7 water moccasins
  Duvessa (D:7)
  A black bear (D:5)
  An ice beast (D:7)
  A sky beast (D:8)
  4 orc warriors
  9 wolves
  4 ogres
  4 centaurs
  A lemure (D:7)
  3 phantoms
  5 kobold brigands
  11 bullfrogs
  A gnoll sergeant (D:6)
  5 scorpions
  13 wights
  Dowan (D:7)
  8 killer bees
  4 electric eels (D:10)
  6 howler monkeys
  A jelly (D:5)
  Crazy Yiuf (D:4)
  2 orc priests (D:6)
  A gnoll bouda (D:7)
  4 hounds
  A sleepcap (D:4)
  7 iguanas
  12 orc wizards
  13 gnolls
  11 adders
  2 river rats (Sewer)
  2 white imps
  3 ufetubi
  2 worms
  A dart slug (D:1)
  26 orcs
  8 ball pythons
  4 endoplasms
  2 giant cockroaches
  6 goblins
  11 hobgoblins
  5 jackals
  5 quokkas
  9 bats
  7 frilled lizards
  23 kobolds
  9 rats
  A fulminant prism (Lair:1)
328 creatures vanquished.

Vanquished Creatures (others)
  40 fulminant prisms
40 creatures vanquished.

Grand Total: 368 creatures vanquished

Notes
Turn   | Place    | Note
-------+----------+-------------------------------------------
     0 | D:1      | Xanbad the Djinni Conjurer began the quest for the Orb.
     0 | D:1      | Xanbad set off with the following spells memorised: Magic
                  | Dart, Searing Ray, Dazzling Flash, Fulminant Prism,
                  | Iskenderun's Mystic Blast.
     0 | D:1      | Reached XP level 1. HP: 15/15 MP: 0/0
    22 | D:1      | Reached XP level 2. HP: 16/22 MP: 0/0
    63 | D:1      | Reached skill level 1 in Fighting
   120 | D:1      | Found a faded altar of an unknown god.
   349 | D:1      | Reached XP level 3. HP: 25/27 MP: 0/0
   349 | D:1      | Learned a level 1 spell: Kiss of Death
   826 | D:2      | Reached skill level 2 in Fighting
  1000 | D:2      | Reached XP level 4. HP: 31/33 MP: 0/0
  1324 | D:2      | Found Jailoa's Jewellery Shoppe.
  1403 | D:2      | Noticed an ogre
  1408 | D:2      | Killed an ogre
  1409 | D:2      | Reached skill level 3 in Fighting
  1409 | D:2      | Reached XP level 5. HP: 31/40 MP: 0/0
  1409 | D:2      | Learned a level 2 spell: Static Discharge
  2022 | D:3      | Reached XP level 6. HP: 42/46 MP: 0/0
  2099 | D:3      | Found Ishraop's Book Shoppe.
  2108 | D:3      | Found a snail-covered altar of Cheibriados.
  2504 | D:4      | Found a staircase to the Ecumenical Temple.
  2592 | D:4      | Found a glowing drain.
  2601 | Sewer    | Entered a sewer
  2609 | Sewer    | Reached skill level 4 in Fighting
  2770 | Sewer    | Found a white marble altar of Elyvilon.
  2924 | D:4      | Reached XP level 7. HP: 47/53 MP: 0/0
  2924 | D:4      | Learned a level 3 spell: Stone Arrow
  3033 | D:4      | Reached skill level 5 in Spellcasting
  3096 | D:4      | Found a hide-covered altar of Uskayaw.
  3137 | D:4      | Found a runed translucent door.
  3138 | D:4      | Noticed Crazy Yiuf
  3144 | D:4      | Killed Crazy Yiuf
  3289 | Temple   | Entered the Ecumenical Temple
  3332 | Temple   | Became a worshipper of Makhleb the Destroyer
  3388 | D:4      | Reached skill level 5 in Fighting
  3657 | D:4      | Found a blossoming altar of Fedhas.
  3697 | D:5      | Entered Level 5 of the Dungeon
  3754 | D:5      | Reached skill level 1 in Shields
  4046 | D:5      | Reached XP level 8. HP: 55/60 MP: 0/0
  4431 | D:5      | Found Ceczoz's Assorted Antiques.
  4437 | D:5      | Bought a smoky red potion for 16 gold pieces
  4437 | D:5      | Bought a brass wand for 72 gold pieces
  4437 | D:5      | Bought a smoky red potion for 16 gold pieces
  4543 | D:5      | Found a glowing silver altar of Zin.
  5055 | D:6      | Reached skill level 6 in Fighting
  5110 | D:6      | Reached * piety under Makhleb
  5295 | D:6      | Found an iron altar of Okawaru.
  5387 | D:6      | Reached XP level 9. HP: 55/67 MP: 0/0
  5387 | D:6      | Learned a level 4 spell: Passage of Golubria
  5538 | D:6      | Found a white marble altar of Elyvilon.
  5538 | D:6      | Found a sparkling altar of Nemelex Xobeh.
  5538 | D:6      | Found a shadowy altar of Dithmenos.
  5868 | D:7      | Reached skill level 7 in Fighting
  6008 | D:7      | Reached skill level 5 in Shields
  6201 | D:7      | Reached ** piety under Makhleb
  6343 | D:7      | Reached skill level 8 in Fighting
  6360 | D:7      | Reached XP level 10. HP: 13/76 MP: 0/0
  6657 | D:7      | Noticed Duvessa
  6660 | D:7      | Noticed Dowan
  6665 | D:7      | Killed Duvessa
  6672 | D:7      | Killed Dowan
  6993 | D:7      | Reached skill level 9 in Fighting
  6995 | D:7      | Noticed Prince Ribbit
  7008 | D:7      | Killed Prince Ribbit
  7589 | D:8      | Noticed Erica
  7597 | D:8      | Killed Erica
  7677 | D:8      | Reached skill level 10 in Fighting
  7809 | D:8      | Found an opulent altar of Gozag.
  7820 | D:8      | Reached *** piety under Makhleb
  8544 | D:9      | Reached XP level 11. HP: 78/86 MP: 0/0
  8544 | D:9      | Learned a level 5 spell: Summon Forest
  8763 | D:9      | Noticed Amaemon
  8772 | D:9      | Killed Amaemon
  8773 | D:9      | Reached skill level 11 in Fighting
  8807 | D:9      | Noticed Joseph
  8815 | D:9      | Killed Joseph
  9094 | D:10     | Entered Level 10 of the Dungeon
 10123 | D:10     | Reached skill level 10 in Spellcasting
 10163 | D:10     | Reached skill level 12 in Fighting
 10164 | D:10     | Reached **** piety under Makhleb
 10475 | D:11     | Noticed a two-headed ogre
 10483 | D:11     | Reached XP level 12. HP: 66/95 MP: 0/0
 10550 | D:11     | Killed a two-headed ogre
 10704 | D:11     | Found a staircase to the Lair.
 10889 | D:11     | Found a runed translucent door.
 10890 | D:11     | Noticed xerfel's ghost (journeyman DjFE)
 10935 | Lair:1   | Entered Level 1 of the Lair of Beasts
 11044 | D:11     | Killed xerfel's ghost
 11111 | Lair:1   | Reached skill level 13 in Fighting
 12137 | Lair:2   | Found a hole to the Spider Nest.
 12371 | Lair:2   | Noticed a four-headed hydra
 12378 | Lair:2   | Killed a four-headed hydra
 12465 | Lair:2   | Reached XP level 13. HP: 99/104 MP: 0/0
 12465 | Lair:2   | Learned a level 5 spell: Irradiate
 12471 | Lair:2   | Reached skill level 14 in Fighting
 12488 | Lair:2   | Reached ***** piety under Makhleb
 12508 | Lair:2   | Mangled by a cane toad

Illustrated notes

Levels and vault maps discovered:
D:1:      minmay_arrival_radiant_lines, layout_basic, basic_ecumenical_altar
D:2:      layout_basic, serial_shops, nicolae_shop_tiny_waterfront, basic_altar
D:3:      layout_rooms, mainiacjoe_overflow_alcove_2, serial_shops,
          nicolae_shop_behind_doors
D:4:      layout_rooms, mainiacjoe_overflow_swirl, minmay_temple_entry_ruins,
          portal_sewer_entry_d, minmay_vboxes, uniq_crazy_yiuf_cottage
D:5:      minmay_spotlight, layout_basic, mainiacjoe_overflow_catwalk,
          serial_shops, shop, dk_vineyard_3, serial_bayou_crossing
D:6:      layout_gridville, gammafunk_temple_overflow_forgotten,
          mainiacjoe_overflow_cross_hatched
D:7:      cheibrodos_barr_body, layout_basic, uniq_duvessa, uniq_prince_ribbit1,
          uniq_pikel
D:8:      layout_gridville, kennysheep_mini_moat, uniq_erica
D:9:      layout_roguey, uniq_joseph, uniq_amaemon
D:10:     layout_stronghold, serial_column_ruins, column_ruins_grid_1,
          column_ruins_open_small, column_ruins_open_small,
          column_ruins_open_medium, column_ruins_grid_2, column_ruins_grid_3,
          serial_bayou_lake_a
D:11:     layout_rooms, grunt_lair_entry_orc_guard_hut, gammafunk_ghost_grave
Temple:   compressed_dpeg_triangle_lava_temple
Lair:1:   layout_cave_shapes, grunt_megastairs_3
Lair:2:   nzn_winding_woodlands_medium [nzn_winding_woodlands_5x5_cross,
          nzn_winding_woodlands_5x15_twine, nzn_winding_woodlands_hourglass,
          nzn_winding_woodlands_5x5_three, nzn_winding_woodlands_center_garden,
          nzn_winding_woodlands_5x5_checkerboard,
          nzn_winding_woodlands_5x5_default,
          nzn_winding_woodlands_5x15_concentric,
          nzn_winding_woodlands_5x5_perimeter], layout_small_grid,
          spider_nest_entry_rubble

Skill      XL: |  1  2  3  4  5  6  7  8  9 10 11 12 13 |
---------------+----------------------------------------+-----
Fighting       | 1 2 3 4 5 6 8 10 12 13 14 | 14.2
Spellcasting   | 4 5 6 7 8 10 11 | 11.6
Shields        | 2 4 5 |  5.0
Dodging        | |  2.1
Stealth        | |  1.5

Action                     |  1- 3 |  4- 6 |  7- 9 | 10-12 | 13-15 || total
---------------------------+-------+-------+-------+-------+-------++-------
  Melee: Unarmed           |       |       |     1 |       |       ||     1
   Cast: Magic Dart        |    75 |   100 |   122 |   229 |       ||   526
         Searing Ray       |     2 |     8 |    30 |    21 |       ||    61
         Fulminant Prism   |       |     1 |     8 |    32 |       ||    41
         Stone Arrow       |       |       |     4 |    54 |    27 ||    85
         Iskenderun's Myst |       |       |    22 |    77 |       ||    99
    Use: Scroll            |       |     4 |    12 |     5 |       ||    21
 Armour: Robe              |     1 |     4 |     1 |       |       ||     6
         Steam dragon scal |       |       |     1 |    10 |       ||    11
         Skin              |       |       |       |     2 |       ||     2
  Dodge: Dodged            |     5 |    11 |    23 |    44 |     2 ||    85
  Block: Buckler           |       |       |    13 |    46 |     8 ||    67
         Reflection        |       |       |       |     1 |       ||     1
